 Dungeon Crawl Stone Soup version 0.29-a0-323-g050149af67 (webtiles) character file.

Game seed: 8402267289603063514

9160 quinnr the Stormcaller (level 11, -5/60 HPs)
             Began as a Tengu Air Elementalist on Apr 10, 2022.
             Was a Believer of Vehumet.
             Slain by a blink frog (17 damage)
             ... on level 1 of the Lair of Beasts.
             The game lasted 00:31:37 (16486 turns).

quinnr the Stormcaller (Tengu Air Elementalist)    Turns: 16486, Time: 00:31:38

Health: -5/60      AC:  7    Str:  8    XL:     11   Next: 42%
Magic:  11/19      EV: 18    Int: 19    God:    Vehumet [**....]
Gold:   470        SH:  0    Dex: 16    Spells: 13/20 levels left

rFire   . . .      SeeInvis .   E - +4 trident (protect)
rCold   . . .      Faith    .   (no shield)
rNeg    . . .      Spirit   .   r - +2 leather armour {rPois}
rPois   +          Reflect  .   (helmet restricted)
rElec   .          Harm     .   s - scarf {repulsion}
rCorr   .          Rampage  .   I - +1 pair of gloves
Will    .....                   (boots unavailable)
Stlth   ++........              F - amulet of magic regeneration
HPRegen 0.20/turn               (no ring)
MPRegen 0.56/turn               (no ring)

@: flying quickly and evasively, repel missiles, quick
A: beak, talons 3, nimble flight
a: Renounce Religion


You were on level 1 of the Lair of Beasts.
You worshipped Vehumet.
Vehumet was pleased with you.
You visited 3 branches of the dungeon, and saw 12 of its levels.
You also visited: Ossuary.

You collected 563 gold pieces.
You spent 93 gold pieces at shops.

Inventory:

Hand Weapons
 E - a +4 trident of protection (weapon)
Missiles
 G - a throwing net
 H - 2 poisoned darts
Armour
 r - a +2 leather armour of poison resistance (worn)
 s - a scarf of repulsion (worn)
 v - a +2 leather armour of willpower
 I - a +1 pair of gloves (worn)
Magical Staves
 a - a staff of earth
Jewellery
 q - a ring of ice
 w - a ring of ice
 B - a ring of fire
 F - an amulet of magic regeneration (around neck)
Wands
 l - a wand of flame (8)
 u - a wand of acid (15)
 y - a wand of charming (7)
Scrolls
 d - 3 scrolls of magic mapping
 f - a scroll of teleportation
 i - 2 scrolls of fear {unknown}
 j - a scroll of fog {unknown}
 n - 2 scrolls of brand weapon {unknown}
 o - 4 scrolls of immolation {unknown}
 p - 2 scrolls of amnesia
 t - a scroll of vulnerability
Potions
 b - a potion of magic
 c - a potion of invisibility {unknown}
 e - 2 potions of lignification
 g - a potion of heal wounds
 h - 5 potions of curing
 k - 3 potions of brilliance
 m - a potion of cancellation
 x - a potion of attraction
 z - 3 potions of flight
 A - a potion of might
 C - a potion of mutation
 D - 3 potions of ambrosia
 J - 2 potions of resistance


   Skills:
 - Level 3.0 Fighting
 - Level 8.0 Dodging
 - Level 2.0 Stealth
 - Level 5.0 Spellcasting
 - Level 1.3 Conjurations
 + Level 19.0 Air Magic
 - Level 1.0 Evocations


You had 13 spell levels left.
You knew the following spells:

 Your Spells              Type           Power      Damage    Failure   Level
a - Shock                 Conj/Air       100%       1d9       1%          1
b - Static Discharge      Conj/Air       43%        N/A       1%          2
c - Airstrike             Air            33%        N/A       1%          4

Your spell library contained the following spells:

 Spells                   Type           Power      Damage    Failure   Level
 Scorch                   Fire           8%         2d5       26%         2
 Corpse Rot               Necr/Air       80%        N/A       1%          2
 Swiftness                Air            67%        N/A       1%          3
 Beastly Appendage        Tmut           8%         N/A       19%         1
 Wereblood                Tmut           4%         N/A       26%         2
 Spider Form              Tmut/Pois      4%         N/A       47%         3
 Dispel Undead            Necr           4%         3d7       87%         4
 Summon Ice Beast         Ice/Summ       4%         N/A       87%         4
 Excruciating Wounds      Necr           2%         N/A       99%         5
 Summon Mana Viper        Hex/Summ       4%         N/A       99%         5
 Dragon Form              Tmut           2%         N/A       100%        7
 Monstrous Menagerie      Summ           2%         N/A       100%        7


Dungeon Overview and Level Annotations

Branches:
Dungeon (10/15)            Temple (1/1) D:4            Lair (1/6) D:8
Ossuary (visited)
    Orc: D:9-12

Altars:
Ashenzari
Cheibriados
Dithmenos
Elyvilon
Fedhas
Gozag
Hepliaklqana
Kikubaaqudgha
Makhleb
Nemelex Xobeh
Okawaru
Qazlal
Ru
Sif Muna
Trog
Uskayaw
Vehumet
Wu Jian
Xom
Yredelemnul
Zin
The Shining One

Shops:
D:1 *   D:6 *

Annotations:
D:8 2 transporters, zishaf's ghost, novice VSBr
D:10 exclusion: yaktaur


Innate Abilities, Weirdness & Mutations

You have a beak for a mouth.
You have claws for feet.
Your magical nature lets you fly swiftly and evasively.


Message History

Unknown command.
Casting: Shock (safe; 1% risk of failure)
Confirm with . or Enter, or press ? or * to list all spells.
Aiming: Shock (safe; 1% risk of failure)
Press: ? - help, Shift-Dir - straight line The zap misses the blink frog.
The zap hits the blink frog!
The blink frog is heavily wounded.
The zap misses the blink frog.
The zap hits the blink frog!
You kill the blink frog!
Vehumet accepts your kill.
The zap hits the blink frog.
The blink frog is heavily wounded.
The zap hits the blink frog.
The blink frog is heavily wounded.
The blink frog hits you but does no damage.
Your Air Magic skill increases to level 19!
Casting: Shock (safe; 1% risk of failure)
Confirm with . or Enter, or press ? or * to list all spells.
Aiming: Shock (safe; 1% risk of failure)
Press: ? - help, Shift-Dir - straight line The zap hits the blink frog.
The blink frog is heavily wounded.
The zap misses the blink frog. x2; The zap hits the blink frog!
The blink frog is severely wounded.
The blink frog hits you!
* * * LOW HITPOINT WARNING * * *
The blink frog blinks!
Unknown command.
Casting: Shock (safe; 1% risk of failure)
Confirm with . or Enter, or press ? or * to list all spells.
Aiming: Shock (safe; 1% risk of failure)
Press: ? - help, Shift-Dir - straight line The zap misses the blink frog.
The zap hits the blink frog!
The blink frog is almost dead.
The zap hits the blink frog.
The blink frog is almost dead.
The zap hits the blink frog.
The blink frog is almost dead.
The blink frog hits you!
You die...

#. .# ... ...
#.# #.# ##.#
#.# #P.## #.#
#..### ##.##
#..#.####...#
#......@FF†# ##
##..#.#P###.#
.###.##..######
#.# .........##
#.# ..........#
#§######.##
.........##
#.........#
.>....>..#
##........##
.........##
#..........#
..........#
##........#


You could see 2 blink frogs.

Vanquished Creatures
  A death knight (D:8)
  A two-headed ogre (D:8)
  2 ugly things (D:8)
  Joseph (Lair:1)
  A gargoyle (D:10)
  A tengu conjurer (D:8)
  A troll (D:8)
  A blink frog (Lair:1)
  A shadow (D:8)
  A vampire (D:10)
  3 yaks (D:10)
  2 steam dragons
  A vampire mosquito (D:8)
  3 water moccasins
  2 sky beasts
  3 orc warriors
  An ice beast (D:5)
  2 centaurs
  An ogre (D:4)
  2 wolves (D:7)
  2 gnoll sergeants
  4 bullfrogs
  13 scorpions
  A necrophage (D:6)
  20 wights
  5 killer bees (D:8)
  7 electric eels
  A howler monkey (D:9)
  3 human zombies (Ossuary)
  A centaur zombie (Ossuary)
  7 hounds
  A jelly (D:6)
  2 orc priests
  An iguana (D:4)
  3 orc wizards
  2 scorpion zombies (Ossuary)
  3 mummies (Ossuary)
  9 adders
  7 gnolls
  2 shadow imps
  3 white imps
  2 dart slugs
  17 orcs
  4 ball pythons
  4 endoplasms
  4 gnoll zombies (Ossuary)
  8 hobgoblins
  2 jackals (D:5)
  11 kobolds
  3 quokkas
  3 bats (D:1)
  5 frilled lizards
  5 goblin zombies (Ossuary)
  3 hobgoblin zombies (Ossuary)
  A kobold zombie (Ossuary)
  2 orc zombies (Ossuary)
  4 rats
206 creatures vanquished.

Vanquished Creatures (others)
  A fungus (Lair:1)
  A plant (Lair:1)
2 creatures vanquished.

Grand Total: 208 creatures vanquished

Notes
Turn   | Place    | Note
-------+----------+-------------------------------------------
     0 | D:1      | quinnr the Tengu Air Elementalist began the quest for the
                  | Orb.
     0 | D:1      | Reached XP level 1. HP: 10/10 MP: 4/4
   165 | D:1      | Found Joyhodis's Assorted Antiques.
   192 | D:1      | Bought a scroll labelled NAUGUMIXZI for 26 gold pieces
   192 | D:1      | Bought a coppery potion for 23 gold pieces
   319 | D:1      | Reached XP level 2. HP: 15/15 MP: 3/6
   436 | D:1      | Reached skill level 5 in Air Magic
   913 | D:1      | Reached XP level 3. HP: 19/19 MP: 5/7
  1529 | D:2      | Reached skill level 1 in Evocations
  1562 | D:2      | Reached skill level 6 in Air Magic
  2003 | D:3      | Reached XP level 4. HP: 24/24 MP: 6/8
  2376 | D:3      | Noticed a black bear
  2499 | D:4      | Found a sand-covered staircase.
  2504 | Ossuary  | Entered an ossuary
  2531 | Ossuary  | Learned a level 2 spell: Static Discharge
  2855 | Ossuary  | Noticed a scorpion
  2966 | Ossuary  | Killed a scorpion
  2967 | Ossuary  | Reached skill level 7 in Air Magic
  2967 | Ossuary  | Gained mutation: Your magical nature lets you fly swiftly
                  | and evasively. [Tengu growth]
  2967 | Ossuary  | Reached XP level 5. HP: 14/28 MP: 0/9
  3147 | Ossuary  | Reached skill level 8 in Air Magic
  3274 | Ossuary  | Reached XP level 6. HP: 32/32 MP: 6/10
  3313 | Ossuary  | Reached skill level 9 in Air Magic
  4119 | Ossuary  | Reached XP level 7. HP: 18/36 MP: 0/11
  4277 | Ossuary  | Reached skill level 10 in Air Magic
  4453 | Ossuary  | Reached skill level 11 in Air Magic
  4718 | Ossuary  | Reached skill level 12 in Air Magic
  4718 | Ossuary  | Reached XP level 8. HP: 41/41 MP: 8/12
  5012 | D:4      | Found a shadowy altar of Dithmenos.
  5100 | D:4      | Found a staircase to the Ecumenical Temple.
  5115 | Temple   | Entered the Ecumenical Temple
  5303 | Temple   | Became a worshipper of Vehumet
  5769 | D:5      | Entered Level 5 of the Dungeon
  6825 | D:4      | Learned a level 4 spell: Airstrike
  7911 | D:6      | Reached skill level 13 in Air Magic
  8243 | D:6      | Reached XP level 9. HP: 23/45 MP: 6/15
  8564 | D:6      | Found Kaorof's General Store.
  8568 | D:6      | Bought a scroll of identify for 22 gold pieces
  8568 | D:6      | Bought a scroll of identify for 22 gold pieces
  9170 | D:6      | Reached skill level 5 in Dodging
 11008 | D:8      | Reached skill level 5 in Spellcasting
 11079 | D:8      | Noticed a troll
 11085 | D:8      | Killed a troll
 11086 | D:8      | Reached skill level 1 in Fighting
 11086 | D:8      | Reached skill level 14 in Air Magic
 11604 | D:8      | Reached * piety under Vehumet
 11604 | D:8      | Offered knowledge of Foxfire by Vehumet.
 11641 | D:8      | Reached XP level 10. HP: 55/55 MP: 14/18
 11658 | D:8      | Found a staircase to the Lair.
 11672 | D:8      | Found a transporter.
 11679 | D:8      | Noticed zishaf's ghost (novice VSBr)
 11683 | D:8      | Found a bloodstained altar of Trog.
 11687 | D:8      | Noticed a two-headed ogre
 11690 | D:8      | Noticed a moth of wrath
 11700 | D:8      | Found a transporter.
 12748 | D:8      | Reached skill level 15 in Air Magic
 12890 | D:8      | Noticed a two-headed ogre
 12963 | D:8      | Killed a two-headed ogre
 13117 | D:8      | Noticed a brown ugly thing
 13118 | D:8      | Noticed a death knight
 13139 | D:8      | Noticed a cyan ugly thing
 13564 | D:8      | Killed a brown ugly thing
 13565 | D:8      | Reached skill level 16 in Air Magic
 13701 | D:8      | Got Ufoix's Incunabulum of Dark Moulding
 14043 | D:8      | Killed a death knight
 14044 | D:8      | Reached skill level 17 in Air Magic
 14374 | D:8      | Found a transporter.
 14378 | D:8      | Found a bloodstained altar of Trog.
 14407 | D:8      | Found a transporter.
 14445 | D:8      | Killed a cyan ugly thing
 14446 | D:8      | Reached XP level 11. HP: 60/60 MP: 1/19
 15376 | D:9      | Reached ** piety under Vehumet
 15376 | D:9      | Offered knowledge of Scorch by Vehumet.
 15470 | D:9      | Reached skill level 18 in Air Magic
 15650 | D:10     | Entered Level 10 of the Dungeon
 15939 | D:10     | Found a basalt altar of Yredelemnul.
 16379 | Lair:1   | Entered Level 1 of the Lair of Beasts
 16441 | Lair:1   | Noticed Joseph
 16457 | Lair:1   | Killed Joseph
 16485 | Lair:1   | Reached skill level 19 in Air Magic
 16486 | Lair:1   | Slain by a blink frog

Illustrated notes

Levels and vault maps discovered:
D:1:      onia_arrival_pyramid, layout_basic, serial_shops, shop_coins
D:2:      layout_loops_cross, kennysheep_generic_room_7
D:3:      layout_loops_corners, hellmonk_ecumenical_altar_pennies_from_heaven
D:4:      layout_loops_cross, nicolae_dithmenos_through_a_glass_darkly,
          minmay_temple_entry_sparse_star, nicolae_ossuary_entry_ruins,
          dk_rats_in_the_wall
D:5:      layout_loops_corners, minmay_misc_feat_tower
D:6:      layout_basic, serial_shops, shop_fountains
D:7:      statuecave_lemuel, layout_loops_ring
D:8:      minmay_blocky_corners, layout_loops_cross, erik_lair_island,
          gammafunk_ghost_wrathful_warriors
D:9:      layout_loops_cross
D:10:     layout_cave_pools, lemuel_doored_altar, nicolae_rejected_hall
Temple:   regret_index_temple_chain_breaker
Lair:1:   layout_small_grid, uniq_joseph

Skill      XL: |  1  2  3  4  5  6  7  8  9 10 11 |
---------------+----------------------------------+-----
Air Magic      | 5 6 7 8 9 12 13 14 17 19 | 19.0
Evocations     | 1 |  1.0
Dodging        | 4 6 8 |  8.0
Spellcasting   | 3 5 |  5.0
Fighting       | 2 3 |  3.0
Stealth        | |  2.0
Conjurations   | |  1.3

Action                   |  1- 3 |  4- 6 |  7- 9 | 10-12 || total
-------------------------+-------+-------+-------+-------++-------
Melee: Unarmed           |       |     1 |       |       ||     1
       Trident           |       |    22 |     3 |     1 ||    26
       Kick              |       |     5 |     2 |     1 ||     8
       Peck              |       |     2 |       |     1 ||     3
 Cast: Shock             |    62 |    84 |   213 |   132 ||   491
       Static Discharge  |       |    23 |    11 |    15 ||    49
       Airstrike         |       |       |    36 |    75 ||   111
Evoke: Wand              |       |    14 |     5 |     4 ||    23
  Use: Scroll            |       |     1 |    18 |     3 ||    22
       Potion            |       |       |       |     4 ||     4
Armor: Robe              |     3 |    11 |     8 |     4 ||    26
       Leather armour    |       |       |       |     8 ||     8
Dodge: Dodged            |     3 |    40 |    74 |    98 ||   215
       Repelled          |       |       |     1 |       ||     1

Table legend: (Time is in decaauts)
 A = Elapsed time spent in this place.
 B = Non-inter-level travel time spent in this place.
 C = Inter-level travel time spent in this place.
 D = Time resting spent in this place.
 E = Time spent auto-exploring this place.
 F = Levels seen in this place.
 G = Mean time per level.
                   A        B        C        D        E       F      G
               +--------+--------+--------+--------+--------+-----+--------+
         Total |  15863 |  15262 |    601 |   4013 |   9183 |  13 | 1220.2 |
       Dungeon |  13216 |  12646 |    570 |   3033 |   8073 |  10 | 1321.6 |
        Temple |    183 |    154 |     29 |      0 |    134 |   1 |  183.0 |
          Lair |    102 |    102 |      0 |      3 |     56 |   1 |  102.0 |
       Ossuary |   2361 |   2361 |      0 |    977 |    918 |   1 | 2361.0 |
               +--------+--------+--------+--------+--------+-----+--------+

Top non-repeatable levels by time:
     D:8: 3337 daAuts
 Ossuary: 2361 daAuts
     D:7: 2004 daAuts
     D:5: 1501 daAuts
     D:6: 1355 daAuts
     D:1: 1187 daAuts
     D:4: 1146 daAuts
     D:9: 928 daAuts
     D:2: 790 daAuts
    D:10: 523 daAuts
     D:3: 442 daAuts
  Temple: 183 daAuts
  Lair:1: 102 daAuts
